AoeStats
← 流光

Arena

509642130Analyzed
4v4 RM · 5d ago on Sep 27, 2026· 59m 35s· 8 players
Game mode
Random Map
Map size
Large (8 player)
Population
200
Speed
Normal
Resources
Standard
Victory
Conquest
Starting age
Dark Age
Ending age
Imperial Age
RankedLock teamsTeams togetherTeam positionsShared explorationLock speedFull tech treeHidden civsTurbo modeCheats
Victory
Defeat
🇦🇷 Shu · Argentina
1248
+17
🇩🇪 Berbers · Germany
1231
+17
🇨🇳 Magyars · China
1222
+18
🇪🇸 Persians · Spain
1202
+18
🇨🇳 Burgundians · China
1356
-21
🇨🇳 Malians · China
1346
-21
🇨🇳 Italians · China
1325
-20
🇨🇳 Inca · China
1003
-18
肥肠拌面
10:23 Feudal Age
14:08 Castle Age
12:46 Double-Bit Axe
12:42 Horse Collar
21:10 Bow Saw
23:37 Wheelbarrow
24:40 Loom
25:56 Hand Cart
29:31 Imperial Age
27:13 Town Watch
27:49 Gold Mining
27:50 Stone Mining
28:27 Scale Barding Armor
28:54 Corvinian Army
29:30 Husbandry
29:41 Bloodlines
30:09 Chain Barding Armor
29:53 Elite Magyar Huszar
30:54 Conscription
31:26 Plate Barding Armor
30:17 Light Cavalry
31:24 Fletching
31:34 Padded Archer Armor
33:53 Parthian Tactics
33:35 Thumb Ring
33:43 Bodkin Arrow
34:03 Leather Archer Armor
34:41 Heavy Cavalry Archer
37:52 Pikeman
38:18 Arson
39:48 Two-Man Saw
40:00 Scale Mail Armor
40:01 Bracer
40:32 Ring Archer Armor
40:15 Halberdier
41:26 Chain Mail Armor
53:30 Heavy Scorpion
53:33 Capped Ram
56:56 Heated Shot
58:09 Chemistry
Rukula
11:08 Feudal Age
12:04 Loom
15:12 Castle Age
13:41 Double-Bit Axe
14:09 Horse Collar
18:34 Bow Saw
21:40 Wheelbarrow
21:50 Heavy Plow
22:11 Town Watch
28:13 Imperial Age
25:47 Gold Mining
26:36 Scale Barding Armor
26:22 Fletching
27:03 Bloodlines
27:42 Husbandry
28:26 Chain Barding Armor
28:58 Forging
31:06 Hand Cart
31:38 Cavalier
33:07 Iron Casting
34:08 Plate Barding Armor
38:16 Blast Furnace
37:03 Heavy Camel Rider
38:46 Pikeman
39:12 Arson
40:18 Scale Mail Armor
40:14 Bodkin Arrow
40:47 Ballistics
41:13 Squires
41:00 Man-at-Arms
42:53 Long Swordsman
44:05 Light Cavalry
45:09 Hussar
46:10 Two-Handed Swordsman
47:22 Caravan
48:10 Champion
51:03 Chain Mail Armor
52:34 Plate Mail Armor
54:09 Crop Rotation
60:45 Chemistry
59:56 Masonry
derri
10:17 Feudal Age
14:24 Castle Age
12:37 Horse Collar
13:37 Double-Bit Axe
14:35 Light Cavalry
17:18 Bow Saw
19:53 Loom
20:32 Heavy Plow
22:18 Wheelbarrow
24:36 Hand Cart
24:30 Gold Mining
29:02 Imperial Age
26:41 Town Watch
28:17 Gold Shaft Mining
27:34 Stone Mining
28:14 Bloodlines
28:08 Husbandry
28:15 Scale Barding Armor
28:21 Forging
29:25 Chain Barding Armor
29:12 Cavalier
30:18 Town Patrol
30:35 Savar
32:11 Plate Barding Armor
33:24 Iron Casting
37:16 Blast Furnace
38:48 Conscription
42:08 Fletching
43:04 Bodkin Arrow
44:58 Guilds
46:12 Murder Holes
48:31 Hussar
52:11 Capped Ram
57:54 Scale Mail Armor
Matt Damon
10:35 Feudal Age
12:12 Wheelbarrow
14:40 Castle Age
12:56 Stone Mining
13:12 Double-Bit Axe
20:51 Hand Cart
20:22 Loom
27:29 Imperial Age
25:59 Crossbowman
27:42 Bow Saw
27:13 Horse Collar
27:57 Gold Mining
28:09 Heavy Plow
29:17 Ballistics
29:58 Chemistry
29:14 Fletching
29:24 Padded Archer Armor
29:01 Arbalester
30:04 Thumb Ring
31:28 Bolt Magazine
31:24 Town Watch
32:41 Two-Man Saw
37:05 Bodkin Arrow
37:49 Conscription
39:06 Bracer
41:15 Leather Archer Armor
46:03 Gold Shaft Mining
45:38 Town Patrol
45:40 Caravan
46:11 Coinage
45:52 Guilds
53:11 Banking
流光
8:25 Wheelbarrow
9:18 Double-Bit Axe
11:27 Feudal Age
12:13 Horse Collar
15:03 Castle Age
13:39 Bow Saw
14:13 Heavy Plow
21:30 Gold Mining
23:06 Gold Shaft Mining
23:33 Wheelbarrow
24:45 Hand Cart
24:37 Stone Mining
28:56 Imperial Age
26:37 Husbandry
26:24 Cavalier
27:11 Scale Barding Armor
27:17 Forging
29:26 Chain Barding Armor
29:44 Iron Casting
30:25 Stone Shaft Mining
29:12 Paladin
31:28 Plate Barding Armor
31:55 Blast Furnace
36:37 Squires
36:23 Arson
36:43 Scale Mail Armor
37:02 Town Watch
37:03 Loom
38:08 Chain Mail Armor
39:31 Conscription
40:23 Light Cavalry
42:02 Hussar
44:04 Burgundian Vineyards
52:40 Caravan
极地沙尘暴
10:37 Feudal Age
12:13 Double-Bit Axe
14:35 Castle Age
12:28 Double-Bit Axe
12:45 Horse Collar
16:06 Bow Saw
21:23 Wheelbarrow
22:41 Hand Cart
22:50 Heavy Plow
22:45 Stone Mining
25:50 Scale Barding Armor
28:23 Imperial Age
25:39 Loom
26:57 Chain Barding Armor
27:29 Forging
27:39 Gold Mining
28:38 Heavy Camel Rider
29:29 Bloodlines
29:19 Husbandry
29:58 Plate Barding Armor
30:00 Iron Casting
29:02 Cavalier
29:45 Farimba
30:05 Conscription
31:02 Light Cavalry
35:41 Ballistics
36:22 Chemistry
41:55 Elite Gbeto
43:02 Caravan
45:55 Scale Mail Armor
51:06 Chain Mail Armor
53:41 Plate Mail Armor
56:21 Crop Rotation
56:21 Fletching
58:34 Bodkin Arrow
剃刀割猪头
9:52 Feudal Age
13:43 Castle Age
12:37 Stone Mining
12:35 Double-Bit Axe
14:45 Loom
19:44 Fletching
22:14 Horse Collar
23:31 Bodkin Arrow
24:58 Heavy Plow
26:33 Wheelbarrow
25:54 Town Watch
26:22 Padded Archer Armor
27:17 Bow Saw
34:13 Imperial Age
32:38 Hand Cart
33:12 Leather Archer Armor
34:53 Ballistics
35:25 Hand Cart
35:17 Bracer
35:57 Conscription
35:34 Gold Mining
37:03 Two-Man Saw
37:15 Chemistry
38:10 Stone Shaft Mining
38:21 Ring Archer Armor
38:20 Elite Genoese Crossbowman
41:05 Forging
41:00 Scale Barding Armor
42:20 Masonry
43:12 Thumb Ring
45:17 Architecture
44:59 Fortified Wall
46:03 Chain Barding Armor
46:19 Iron Casting
45:49 Light Cavalry
46:40 Bloodlines
46:30 Husbandry
46:35 Hussar
47:56 Plate Barding Armor
50:42 Blast Furnace
52:32 Hoardings
53:12 Caravan
55:54 Elite Skirmisher
通共大将军
12:16 Feudal Age
17:56 Castle Age
16:46 Horse Collar
16:52 Double-Bit Axe
16:58 Gold Mining
16:59 Stone Mining
18:16 Loom
19:08 Bow Saw
19:55 Stone Shaft Mining
21:18 Heavy Plow
22:25 Gold Shaft Mining
24:14 Scale Mail Armor
26:44 Forging
35:50 Pikeman
40:51 Iron Casting
40:32 Chain Mail Armor
Connection lost

Rejoining the realm…

Still unreachable

The connection could not be restored.

Session expired

The server has moved on; the page needs a fresh start.